 Dungeon Crawl Stone Soup version 0.21-a0-153-g78480df (webtiles) character file.

247 tsouns the Skirmisher (level 5, -2/47 HPs)
             Began as a Minotaur Ice Elementalist on Aug 1, 2017.
             Was a Believer of Uskayaw.
             Killed by nerve-wracking pain
             ... invoked by an orc priest
              (6 damage)
             ... on level 4 of the Dungeon.
             The game lasted 00:10:09 (4037 turns).

tsouns the Skirmisher (Minotaur Ice Elementalist)   Turns: 4037, Time: 00:10:10

Health: -2/47      AC: 10    Str: 14    XL:     5   Next: 85%
Magic:  6/6        EV:  4    Int: 12    God:    Uskayaw [**....]
Gold:   232        SH:  0    Dex: 10    Spells: 3/6 levels left

rFire    . . .     SeeInvis .     - Unarmed
rCold    . . .     Gourm    .   (no shield)
rNeg     . . .     Faith    .   n - +0 plate armour
rPois    .         Spirit   .   (helmet restricted)
rElec    .         Reflect  .   (no cloak)
rCorr    +         Harm     .   (no gloves)
MR       .....                  (no boots)
Stlth    ..........             i - amulet of magic regeneration
HPRegen  0.15/turn              s - ring of resist corrosion
MPRegen  0.35/turn              p - ring of stealth

@: no status effects
A: retaliatory headbutt, horns 2
a: Stomp, Line Pass, Renounce Religion


You were on level 4 of the Dungeon.
You worshipped Uskayaw.
Uskayaw was noncommittal.
You were hungry.

You visited 1 branch of the dungeon, and saw 4 of its levels.

You collected 232 gold pieces.

Inventory:

Missiles
 k - 88 stones (quivered)
Armour
 a - a +0 robe
 n - a +0 plate armour (worn)
Jewellery
 i - an amulet of magic regeneration (around neck)
 p - a ring of stealth (right hand)
 s - a ring of resist corrosion (left hand)
 u - an uncursed ring of ice
Scrolls
 d - 3 scrolls of blinking
 h - 2 scrolls of teleportation
 t - a scroll of amnesia
Potions
 e - a potion of heal wounds {unknown}
 f - a potion of brilliance {unknown}
 g - 5 potions of curing
 m - 3 potions of ambrosia
 q - a potion of cancellation {unknown}
 v - a potion of lignification {unknown}
Comestibles
 b - 6 chunks of flesh
 c - 2 bread rations
 j - 4 meat rations
 o - a royal jelly
 r - 2 fruits


   Skills:
 + Level 4.4 Fighting
 - Level 2.1 Dodging
 - Level 2.3 Stealth
 + Level 4.1 Unarmed Combat
 - Level 1.3 Spellcasting
   Level 0.6 Conjurations
 - Level 2.1 Ice Magic


You had 3 spell levels left.
You knew the following spells:

 Your Spells              Type           Power        Failure   Level  Hunger
a - Freeze                Ice            #...         100%        1    ##.....
b - Summon Butterflies    Summ           #.......     100%        1    ##.....
c - Beastly Appendage     Tmut           #.....       100%        1    ##.....


Dungeon Overview and Level Annotations

Branches:
Dungeon (4/15)
 Temple: D:4-7

Altars:
Cheibriados
Nemelex Xobeh
Trog
Uskayaw


Innate Abilities, Weirdness & Mutations

You reflexively headbutt those who attack you in melee.
You have a pair of horns on your head.


Message History

Your headbutt misses the orc priest.
The orc priest is heavily wounded.
The orc priest hits you with a dagger.
* * * LOW HITPOINT WARNING * * *
You hit the orc priest. You headbutt the orc priest.
The orc priest is almost dead.
The orc priest hits you but does no damage.
You hit the orc priest but do no damage.
The orc priest is almost dead.
The orc priest hits you but does no damage.
Your plate armour prevents you from hitting the orc priest.
The orc priest is almost dead.
The orc priest calls down the wrath of Beogh upon you.
Pain shoots through your body!
* * * LOW HITPOINT WARNING * * *
You hit the orc priest but do no damage.
The orc priest is almost dead.
The orc priest invokes the aid of Beogh against you.
Pain shoots through your body!
You die...

#########..###.#......
#..........# #.#.#####
#.######...# #.#.#
#......#...# #.#.#
######.##.## #...#
#.##.# ##### #.##.#
####.##.# #.o@.# .#
#.#### ###### #.
...... ## ######
######### #######
#........ #<....###
..........
###.....#...........
#.#.#.#...........


You could see an orc priest.

Vanquished Creatures
  A centaur (D:4)
  Jessica (D:2)
  5 adders
  An adder skeleton (D:4)
  6 worms
  A dart slug (D:2)
  A leopard gecko (D:1)
  6 orcs (D:4)
  8 bats
  4 giant cockroaches
  5 goblins
  6 hobgoblins
  8 kobolds
  2 quokkas (D:3)
  2 ball pythons
  2 frilled lizards (D:3)
  A jackal skeleton (D:4)
  16 rats
76 creatures vanquished.

Notes
Turn   | Place    | Note
-------+----------+-------------------------------------------
     0 | D:1      | tsouns the Minotaur Ice Elementalist began the quest for the Orb.
     0 | D:1      | Reached XP level 1. HP: 14/14 MP: 1/1
    56 | D:1      | Reached skill level 1 in Unarmed Combat
    83 | D:1      | Reached XP level 2. HP: 20/20 MP: 0/3
  1509 | D:2      | Reached XP level 3. HP: 14/27 MP: 4/4
  1806 | D:2      | Reached skill level 1 in Fighting
  1817 | D:2      | Noticed Jessica
  1826 | D:2      | Killed Jessica
  1867 | D:2      | Noticed a moth of wrath
  1869 | D:2      | Found a bloodstained altar of Trog.
  2157 | D:2      | Reached XP level 4. HP: 27/36 MP: 5/5
  2877 | D:3      | Found a sparkling altar of Nemelex Xobeh.
  3052 | D:3      | Reached XP level 5. HP: 45/45 MP: 6/6
  3681 | D:4      | Found a snail-covered altar of Cheibriados.
  3806 | D:4      | Identified the Disquisition on Creation and Transmutation
  3810 | D:4      | Learned a level 1 spell: Summon Butterflies
  3812 | D:4      | Learned a level 1 spell: Beastly Appendage
  3825 | D:4      | Found a hide-covered altar of Uskayaw.
  3828 | D:4      | Became a worshipper of Uskayaw the Reveler
  3870 | D:4      | Noticed a centaur
  3878 | D:4      | Reached * piety under Uskayaw
  3883 | D:4      | Reached ** piety under Uskayaw
  3898 | D:4      | Killed a centaur
  4037 | D:4      | Killed from afar by an orc priest

Vault maps used:
D:1:      minmay_arrival_four_circles
D:2:      tgw_trog, uniq_jessica
D:3:      lemuel_crystal_altar
D:4:      cheibriados_altar_1, lemuel_doored_altar, overflow_temple_1_default

Skill      XL: |  1  2  3  4  5 |
---------------+----------------+-----
Unarmed Combat | 1 2 3 4 |  4.1
Stealth        | 2 |  2.3
Fighting       | 2 3 4 |  4.4
Dodging        | |  2.1
Spellcasting   | |  1.3
Conjurations   | |  0.6
Ice Magic      | |  2.1

Action                   |  1- 3 |  4- 6 || total
-------------------------+-------+-------++-------
Melee: Unarmed           |    98 |   206 ||   304
       Headbutt          |    17 |    29 ||    46
Throw: Stone             |     1 |     2 ||     3
 Cast: Freeze            |    25 |       ||    25
  Use: Scroll            |     5 |     5 ||    10
 Stab: Sleeping          |     1 |       ||     1
  Eat: Chunk             |     1 |     5 ||     6
       Bread ration      |     1 |       ||     1
Armor: Robe              |     6 |       ||     6
       Plate armour      |    44 |   119 ||   163
Dodge: Dodged            |    24 |    43 ||    67
